 Dungeon Crawl Stone Soup version 0.29-a0-995-g8a7feb118f (webtiles) character file.

Game seed: 6843945374284236725

3642 TroggerJogger the Cleaver (level 9, 0/64 (69) HPs)
             Began as a Demonspawn Berserker on July 30, 2022.
             Was an Elder of Trog.
             Slain by Prince Ribbit (2 damage)
             ... on level 8 of the Dungeon on Aug 4, 2022.
             The game lasted 00:17:12 (7016 turns).

TroggerJogger the Cleaver (Demonspawn Berserker)    Turns: 7016, Time: 00:17:12

HP:   0/64 (69)     AC: 16    Str: 21    XL:     9   Next: 88%
MP:   3/3           EV:  7    Int: 11    God:    Trog [****..]
Gold: 547           SH:  0    Dex: 13    Spells: 8/8 levels left

rFire   + . .      SeeInvis +   d - +5 executioner's axe "Qoadywec" {antimagic, SInv}
rCold   . . .      Faith    .   (shield currently unavailable)
rNeg    + . .      Spirit   .   o - +1 plate armour
rPois   .          Reflect  .   (helmet restricted)
rElec   .          Harm     .   s - +0 cloak
rCorr   .          Rampage  .   f - +0 pair of gloves
Will    .....                   A - +0 pair of boots
Stlth   ..........              a - amulet of the acrobat
HPRegen 0.20/turn               h - ring of protection from fire
MPRegen 0.08/turn               m - ring of positive energy

@: lethally poisoned (0 -> -18), on berserk cooldown, slowed, drained, very slow
A: antennae 1, demonic guardian 1, powered by death 2, big brain 1
a: Renounce Religion, Berserk, Trog's Hand, Brothers in Arms


You were on level 8 of the Dungeon.
You worshipped Trog.
Trog was greatly pleased with you.
You visited 1 branch of the dungeon, and saw 8 of its levels.

You collected 547 gold pieces.

Inventory:

Hand Weapons
 d - the +5 executioner's axe "Qoadywec" (weapon) {antimagic, SInv}
   (You acquired it on level 1 of the Dungeon)

   It reduces the magical energy of the wielder, and disrupts the spells and
   magical abilities of those it strikes.
   Natural abilities and divine invocations are not affected.
   SInv:      It lets you see invisible.
Armour
 f - a +0 pair of gloves (worn)
 o - a +1 plate armour (worn)
 s - a +0 cloak (worn)
 A - a +0 pair of boots (worn)
Jewellery
 a - an amulet of the acrobat (around neck)
 h - a ring of protection from fire (left hand)
 m - a ring of positive energy (right hand)
 C - a ring of protection from fire
Wands
 p - a wand of charming (13)
 q - a wand of roots (4)
 w - a wand of flame (13)
Scrolls
 c - 4 scrolls of noise
 e - 12 scrolls of identify
 i - a scroll of blinking
 l - a scroll of brand weapon {unknown}
 t - a scroll of poison {unknown}
 u - 2 scrolls of magic mapping
 v - 3 scrolls of teleportation {unknown}
 y - 2 scrolls of enchant armour
 z - a scroll of enchant weapon
 B - a scroll of fear {unknown}
Potions
 b - 2 potions of degeneration {unknown}
 g - 3 potions of mutation {unknown}
 j - a potion of ambrosia {unknown}
 k - a potion of haste {unknown}
 n - 2 potions of magic {unknown}
 r - 3 potions of curing {unknown}
 x - a potion of brilliance {unknown}
 D - a potion of heal wounds {unknown}
 E - a potion of attraction {unknown}


   Skills:
 + Level 5.6 Fighting
 * Level 11.7 Axes
 + Level 4.4 Armour
 + Level 2.3 Dodging


You had 8 spell levels left.
You didn't know any spells.
Your spell library was empty.

Dungeon Overview and Level Annotations

Branches:
Dungeon (8/15)             Temple (0/1) D:4
   Lair: D:8-11

Altars:
Cheibriados
Hepliaklqana
Makhleb
Trog
Uskayaw
Yredelemnul

Shops:
D:4 ?

Annotations:
D:8 Erica, Prince Ribbit


Innate Abilities, Weirdness & Mutations

You have a pair of small antennae on your head.
A weak demonic guardian rushes to your aid.
You regenerate health from kills.
You have an unusually large brain. (Int +2)


Message History

Prince Ribbit hits you but does no damage.
You miss Prince Ribbit.
Prince Ribbit is lightly wounded.
Prince Ribbit blinks!
The gnoll barely misses you. The gnoll hits you but does no damage.
A gnoll comes into view. It is wielding a +0 whip.
You are too injured to fight recklessly!
The gnoll shouts!
The gnoll hits you from afar with a +0 spear.
A demonic guardian appears!
The gnoll closely misses you.
You feel a strong urge to attack something.
Prince Ribbit catches a fly with his tongue.
You are no longer berserk.
You are exhausted.
You feel yourself slow down.
Erica gestures wildly while chanting.
Erica flickers and vanishes for a moment.
Your iron imp hits the gnoll!
The gnoll completely misses your iron imp.
Your iron imp hits the gnoll!
The gnoll dies!
Trog accepts your kill.
Prince Ribbit blinks!
Prince Ribbit blinks!
The gnoll hits you but does no damage. The gnoll hits you but does no damage.
The gnoll hits you but does no damage. The gnoll closely misses you.
Erica attacks as you move away!
Erica hits you with a +4 scimitar of flaming.
Erica burns you. Prince Ribbit attacks as you move away!
Prince Ribbit completely misses you. x2
There is a stone staircase leading up here.
Prince Ribbit hits you!
* * * LOW HITPOINT WARNING * * *
A demonic guardian appears!
Erica casts a spell at you. The bolt of poison hits you!
You are lethally poisoned!
* * * LOW HITPOINT WARNING * * *
Your iron imp hits the gnoll.
Prince Ribbit hits you.
You die...

##. #..))...#
#..###..<)...#
###.#....)))...#
#..............#
#.#./#g........#
#.g.....5......#
..gg..#.###gg#######
...###..##.@F# ..
#.###..@# #. #...#
.. #.5.# .## #...##
. #...## . #... #...
#.##


You could see Erica (invisible), Prince Ribbit (ally target), a gnoll sergeant,
2 gnolls, a friendly iron imp (summoned) and a friendly shadow imp (summoned).

Vanquished Creatures
  A gargoyle (D:7)
  Eustachio (D:5)
  3 steam dragons
  Menkaure (D:5)
  2 water moccasins
  An ice beast (D:7)
  2 orc warriors
  2 sky beasts (D:6)
  3 black bears
  2 centaurs
  3 kobold brigands
  A phantom (D:5)
  A bullfrog (D:7)
  A gnoll sergeant (D:5)
  2 scorpions
  2 necrophages (D:6)
  4 wights (D:8)
  A howler monkey (D:6)
  A jelly (D:6)
  2 orc priests
  4 hounds
  Ijyb (D:4)
  4 iguanas
  2 orc wizards
  A mummy (D:5)
  5 gnolls (D:5)
  3 adders
  A white imp (D:8)
  2 ufetubi (D:5)
  6 dart slugs
  2 worms
  27 orcs
  3 bats
  2 endoplasms (D:1)
  6 giant cockroaches
  7 goblins
  7 hobgoblins
  3 jackals (D:5)
  16 kobolds
  5 quokkas
  6 ball pythons
  4 frilled lizards
  3 hobgoblin zombies (D:5)
  An orc zombie (D:5)
  4 rats
161 creatures vanquished.

Vanquished Creatures (collateral kills)
  A scorpion (D:5)
  A gnoll (D:8)
  An orc (D:7)
3 creatures vanquished.

Vanquished Creatures (others)
  4 plants (D:5)
4 creatures vanquished.

Grand Total: 168 creatures vanquished

Notes
Turn   | Place    | Note
-------+----------+-------------------------------------------
     0 | D:1      | TroggerJogger the Demonspawn Berserker began the quest for
                  | the Orb.
     0 | D:1      | Reached XP level 1. HP: 18/18 MP: 1/1
   204 | D:1      | Gained mutation: You have an unusually large brain. (Int
                  | +2) [demonic ancestry]
   204 | D:1      | Reached XP level 2. HP: 24/24 MP: 2/2
   221 | D:1      | Reached skill level 3 in Axes
   710 | D:1      | Found a faded altar of an unknown god.
   747 | D:1      | Gained mutation: You regenerate a little health from kills.
                  | [demonic ancestry]
   747 | D:1      | Reached XP level 3. HP: 29/29 MP: 3/3
   756 | D:1      | Reached ** piety under Trog
  1012 | D:1      | Identified a scroll of acquirement
  1012 | D:1      | Acquired the +5 executioner's axe "Qoadywec" {antimagic,
                  | SInv}
  1232 | D:2      | Found a snail-covered altar of Cheibriados.
  2029 | D:2      | Reached XP level 4. HP: 35/35 MP: 1/4
  2336 | D:3      | Found a burning altar of Makhleb.
  2407 | D:3      | Found a bloodstained altar of Trog.
  2665 | D:4      | Reached skill level 4 in Axes
  2761 | D:4      | Noticed Ijyb
  2766 | D:4      | Killed Ijyb
  2814 | D:4      | Found Raut's Magic Scroll Boutique.
  2980 | D:4      | Gained mutation: A weak demonic guardian rushes to your
                  | aid. [demonic ancestry]
  2980 | D:4      | Reached XP level 5. HP: 31/41 MP: 1/5
  3098 | D:4      | Found a staircase to the Ecumenical Temple.
  3113 | D:4      | Found a hide-covered altar of Uskayaw.
  3534 | D:5      | Entered Level 5 of the Dungeon
  3534 | D:5      | Noticed Menkaure
  3537 | D:5      | Killed Menkaure
  3538 | D:5      | Reached skill level 5 in Axes
  3538 | D:5      | Reached XP level 6. HP: 48/48 MP: 2/6
  3680 | D:5      | Reached skill level 6 in Axes
  3869 | D:5      | Found a hazy altar of Hepliaklqana.
  4137 | D:5      | Reached XP level 7. HP: 46/53 MP: 2/7
  4321 | D:5      | Noticed Eustachio
  4331 | D:5      | Killed Eustachio
  4332 | D:5      | Reached skill level 7 in Axes
  4924 | D:6      | Gained mutation: You have a pair of small antennae on your
                  | head. [demonic ancestry]
  4924 | D:6      | Reached XP level 8. HP: 42/61 MP: 2/8
  5077 | D:6      | Reached skill level 8 in Axes
  5360 | D:6      | Found a basalt altar of Yredelemnul.
  5641 | D:6      | Reached skill level 9 in Axes
  5905 | D:6      | Reached skill level 5 in Fighting
  6032 | D:6      | Reached *** piety under Trog
  6097 | D:6      | Gained mutation: You regenerate health from kills. [demonic
                  | ancestry]
  6097 | D:6      | Reached XP level 9. HP: 68/68 MP: 3/9
  6243 | D:6      | You fall into a shaft and drop 1 floor!
  6270 | D:7      | Reached skill level 10 in Axes
  6270 | D:7      | Upgraded the game from 0.29-a0-961-gfab03dca74 to
                  | 0.29-a0-995-g8a7feb118f
  6384 | D:7      | Noticed a gargoyle
  6389 | D:7      | Killed a gargoyle
  6590 | D:7      | Reached skill level 11 in Axes
  6865 | D:7      | Reached **** piety under Trog
  6990 | D:8      | Noticed Prince Ribbit
  7003 | D:8      | Noticed Erica
  7016 | D:8      | HP: 2/64 [Erica/bolt of poison (14)]
  7016 | D:8      | Slain by Prince Ribbit

Illustrated notes

Levels and vault maps discovered:
D:1:      lemuel_arrival_muddy, layout_loops_ring,
          dreamdust_ecumenical_altar_statues, minmay_pentomino_r4
D:2:      layout_loops_corners, basic_altar
D:3:      layout_rooms, lightli_temple_of_fire, mainiacjoe_overflow_paths
D:4:      layout_loops_corners, eat_drink_and_be_merry_uskayaw,
          minmay_temple_entry_statues_pillars, serial_shops, shop,
          columned_hall_lemuel, uniq_ijyb
D:5:      layout_loops_ring, nicolae_hepliaklqana_hazy_memory,
          minmay_mini_ossuary, uniq_menkaure, uniq_eustachio
D:6:      layout_loops_ring, kennysheep_mini_moat, grunt_tough_drop
D:7:      layout_cave_pools, minmay_microvault
D:8:      layout_rooms, ebering_ghost_funeral_grove, uniq_gastronok, uniq_erica,
          uniq_prince_ribbit1

Skill      XL: |  1  2  3  4  5  6  7  8  9 |
---------------+----------------------------+-----
Axes           | 3 4 5 6 7 9 11 | 11.7
Dodging        | 2 |  2.3
Armour         | 2 3 4 |  4.4
Fighting       | 4 5 |  5.6

Action                   |  1- 3 |  4- 6 |  7- 9 || total
-------------------------+-------+-------+-------++-------
Melee: Hand axe          |    74 |       |       ||    74
       Punch             |     2 |       |       ||     2
       Executioner's axe |    40 |    81 |   205 ||   326
Invok: Berserk           |       |     2 |     5 ||     7
  Use: Scroll            |     5 |     2 |       ||     7
 Stab: Sleeping          |     2 |       |       ||     2
Armor: Animal skin       |    16 |       |       ||    16
       Ring mail         |    16 |    10 |       ||    26
       Plate armour      |       |    52 |   169 ||   221
       Chain mail        |       |    10 |       ||    10
Dodge: Dodged            |    83 |    33 |   121 ||   237

Table legend: (Time is in decaauts)
 A = Elapsed time spent in this place.
 B = Non-inter-level travel time spent in this place.
 C = Inter-level travel time spent in this place.
 D = Time resting spent in this place.
 E = Time spent auto-exploring this place.
 F = Levels seen in this place.
 G = Mean time per level.
                   A        B        C        D        E       F      G
               +--------+--------+--------+--------+--------+-----+--------+
         Total |   7257 |   6981 |    276 |      0 |   5722 |   8 |  907.1 |
       Dungeon |   7257 |   6981 |    276 |      0 |   5722 |   8 |  907.1 |
               +--------+--------+--------+--------+--------+-----+--------+

Top non-repeatable levels by time:
     D:6: 1399 daAuts
     D:5: 1373 daAuts
     D:1: 1107 daAuts
     D:2: 1051 daAuts
     D:4: 1034 daAuts
     D:7: 743 daAuts
     D:3: 468 daAuts
     D:8: 79 daAuts
